AoeStats
← ChaCaL

Arabia

503288557Analyzed
1v1 RM · 10d ago on Aug 31, 2026· 37m 58s· 2 players
Game mode
Random Map
Map size
Tiny (2 player)
Population
200
Speed
Normal
Resources
Standard
Victory
Conquest
Starting age
Dark Age
Ending age
Imperial Age
RankedLock teamsTeams togetherTeam positionsShared explorationLock speedFull tech treeHidden civsTurbo modeCheats
Victory
Defeat
🇨🇴 Spanish · Colombia
1116
+15
🇺🇾 Byzantines · Uruguay
1101
-15
ChaCaL
4:32 Loom
10:15 Feudal Age
10:45 Double-Bit Axe
22:34 Fletching
25:07 Castle Age
25:16 Padded Archer Armor
25:26 Horse Collar
25:27 Crossbowman
27:24 Wheelbarrow
29:20 Squires
31:42 Bodkin Arrow
33:39 Pikeman
37:09 Hand Cart
37:47 Leather Archer Armor
38:07 Bow Saw
jjam
8:02 Loom
10:39 Feudal Age
12:21 Man-at-Arms
17:30 Double-Bit Axe
20:30 Horse Collar
24:02 Castle Age
22:31 Scale Barding Armor
23:01 Forging
23:24 Gold Mining
23:28 Fletching
24:43 Bodkin Arrow
25:45 Bloodlines
27:20 Elite Skirmisher
30:04 Wheelbarrow
29:57 Padded Archer Armor
32:53 Bow Saw
33:19 Masonry
33:50 Town Watch
34:06 Stone Mining
38:09 Imperial Age
36:55 Ballistics
37:57 Hand Cart
37:52 Guard Tower
Connection lost

Rejoining the realm…

Still unreachable

The connection could not be restored.

Session expired

The server has moved on; the page needs a fresh start.